 Dungeon Crawl Stone Soup version 0.24.0-2-g5b39cebb1c (webtiles) character file.

Game seed: 11765785741830721304, levelgen mode: deterministic

30 serch the Shield-Bearer (level 3, 0/33 HPs)
             Began as a Minotaur Fighter on Oct 31, 2019.
             Was an Initiate of Nemelex Xobeh.
             Succumbed to an adder's poison
             ... on level 2 of the Dungeon.
             The game lasted 00:03:04 (674 turns).

serch the Shield-Bearer (Minotaur Fighter)           Turns: 674, Time: 00:03:05

Health: 0/33       AC:  7    Str: 21    XL:     3   Next: 3%
Magic:  2/2        EV:  7    Int:  5    God:    Nemelex Xobeh [......]
Gold:   55         SH:  9    Dex:  9    Spells: 2/2 levels left

rFire    . . .     SeeInvis .   a - +0 flail
rCold    . . .     Gourm    .   c - +0 shield
rNeg     . . .     Faith    .   b - +0 scale mail
rPois    .         Spirit   .   (helmet restricted)
rElec    .         Reflect  .   (no cloak)
rCorr    .         Harm     .   (no gloves)
MR       .....                  (no boots)
Stlth    ..........             (no amulet)
HPRegen  0.11/turn              (no ring)
MPRegen  0.08/turn              (no ring)

@: lethally poisoned (0 -> -8)
A: retaliatory headbutt, horns 2
a: Draw Escape, Draw Destruction, Draw Summoning, Renounce Religion


You were on level 2 of the Dungeon.
You worshipped Nemelex Xobeh.
Nemelex Xobeh was noncommittal.
You were not hungry.

You visited 1 branch of the dungeon, and saw 2 of its levels.

You collected 55 gold pieces.

Inventory:

Hand Weapons
 a - a +0 flail (weapon)
Armour
 b - a +0 scale mail (worn)
 c - a +0 shield (worn)
Scrolls
 e - a scroll of teleportation {unknown}
 g - a scroll of identify {unknown}
Potions
 d - a potion of might
 h - a potion of ambrosia {unknown}
 i - a potion of flight {unknown}
 j - a potion of curing {unknown}
Comestibles
 f - 4 rations


   Skills:
 + Level 3.8 Fighting
 + Level 2.9 Maces & Flails
 + Level 3.9 Armour
 + Level 0.1 Dodging
 + Level 4.4 Shields


You had 2 spell levels left.
You didn't know any spells.
Your spell library was empty.

Dungeon Overview and Level Annotations

Branches:
Dungeon (2/15)

Altars:
Nemelex Xobeh


Innate Abilities, Weirdness & Mutations

You reflexively headbutt those who attack you in melee.
You have a pair of horns on your head.


Message History

You sock the adder! Your headbutt misses the adder.
The adder is severely wounded.
You feel sick. You block the adder's attack. You block the kobold's attack.
The adder bites you but does no damage. The kobold hits you.
* * * LOW HITPOINT WARNING * * *
You hit the adder but do no damage. Your headbutt misses the adder.
The adder is severely wounded.
The adder bites you.
* * * LOW HITPOINT WARNING * * *
You are more poisoned.
The adder poisons you! You block the kobold's attack.
You block the adder's attack.
You hit the adder.
You kill the adder!
You have reached level 3!
Your experience leads to an increase in your attributes!
Increase (S)trength, (I)ntelligence, or (D)exterity?
You feel stronger.
You die...
Your body disappears without a glow.

#
#.############
#.#..........#
#............#
#............#
#......K.....#
#.@.# #.#.#
#.#.# #.#.#
#.#.# #.#.#
#.#.# ##.#.#
#..# #..


You could see a kobold.

Vanquished Creatures
  An adder (D:2)
  2 bats (D:1)
  3 giant cockroaches (D:1)
  4 goblins (D:1)
  2 hobgoblins (D:1)
  A ball python (D:1)
  A frilled lizard (D:2)
  3 kobolds (D:1)
  2 rats (D:1)
19 creatures vanquished.

Notes
Turn   | Place    | Note
-------+----------+-------------------------------------------
     0 | D:1      | serch the Minotaur Fighter began the quest for the Orb.
     0 | D:1      | Reached XP level 1. HP: 19/19 MP: 0/0
   148 | D:1      | Reached skill level 4 in Shields
   169 | D:1      | Reached XP level 2. HP: 22/27 MP: 1/1
   340 | D:1      | Found a sparkling altar of Nemelex Xobeh.
   348 | D:1      | Became a worshipper of Nemelex Xobeh the Trickster
   432 | D:1      | Received a gift from Nemelex Xobeh
   673 | D:2      | HP: 1/27 [adder (3)]
   674 | D:2      | Reached XP level 3. HP: 1/33 MP: 2/2
   674 | D:2      | Succumbed to an adder's poison

Levels and vault maps discovered:
D:1:      dpeg_arrival_rooms_b, layout_loops_ring,
          nemelex_xobeh_ov_fountains_minmay
D:2:      layout_basic, item_on_display_b

Skill      XL: |  1 |
---------------+----+-----
Shields        | 4 |  4.4
Fighting       | |  3.8
Maces & Flails | |  2.9
Armour         | |  3.9
Dodging        | |  0.1

Action                   || total
-------------------------++-------
Melee: Flail             ||    66
       Headbutt          ||     4
Armor: Scale mail        ||    33
Dodge: Dodged            ||    14
Block: Shield            ||    55
